 Dungeon Sprint DCSS version 0.31-a0-523-g071a6c1ffa (webtiles) character file.

Game seed: 6310452241862832794

15618 dialectric the Ninja (level 12, -8/59 HPs)
             Began as a Spriggan Brigand on Aug 11, 2023.
             Was the Champion of Dithmenos.
             Killed from afar by a fire giant (44 damage)
             ... with a fireball
             ... in the Dungeon (Sprint I: "Red Sonja").
             The game lasted 00:07:40 (1081 turns).

dialectric the Ninja (Spriggan Brigand)             Turns: 1081, Time: 00:07:41

Health: -8/59      AC:  5    Str:  7    XL:     12   Next: 2%
Magic:  27/31      EV: 33    Int: 10    God:    Dithmenos [******]
Gold:   2358       SH:  0    Dex: 22    Spells: 36/40 levels left

rFire   . . .        m - +1 dagger (distort)
rCold   . . .        (no shield)
rNeg    . . .        p - +2 robe
rPois   .            (helmet restricted)
rElec   .            c - +0 cloak
rCorr   .            (gloves unavailable)
SInv    +            (boots unavailable)
Will    ++...        (no amulet) Stlth *********+
                     (no ring)
HPRegen 0.29/turn    (no ring)
MPRegen 0.22/turn

%: no teleportation
@: wreathed by umbra, unable to read, very quick
A: very small, no large weapons, unfitting armour, see invisible, speed 3, dopey
1, inability to read after injury 1
a: Renounce Religion, Shadow Step, Shadow Form


You were in the Dungeon.
You worshipped Dithmenos.
Dithmenos was exalted by your worship.
You visited 1 branch You collected 2719 gold pieces.
You spent 361 gold pieces at shops.

Inventory:

Hand Weapons
 a - a +2 dagger
 m - a +1 dagger of distortion (weapon)
Missiles
 d - 9 poisoned darts
 e - 7 curare-tipped darts (quivered)
Armour
 b - a +0 robe
 c - a +0 cloak (worn)
 n - a +0 troll leather armour
 p - a +2 robe (worn)
 w - +0 shadow dragon scales
Jewellery
 v - the ring of Ado Wic {*Corrode rF+ AC+4 Str+2}
   (You found it in the Dungeon)

   [ring of protection]

   AC+4:      It affects your AC (+4).
   Str+2:     It affects your strength (+2).
   rF+:       It protects you from fire.
   *Corrode:  It may corrode you when you take damage.
Wands
 l - a wand of iceblast (12)
Scrolls
 k - 2 scrolls of blinking
 o - 3 scrolls of identify {unknown}
 q - 2 scrolls of enchant armour {unknown}
 u - a scroll of poison {unknown}
 x - a scroll of revelation {unknown}
 y - a scroll of fog
Potions
 f - 4 potions of curing
 g - 3 potions of heal wounds
 h - a potion of haste
 i - 3 potions of magic
 j - a potion of berserk rage
 s - a potion of invisibility
Miscellaneous
 r - a sack of spiders


   Skills:
 + Level 4.8 Fighting
 - Level 17.0 Short Blades
 - Level 2.5 Throwing
 - Level 2.1 Armour
 + Level 16.3 Dodging
 O Level 27 Stealth
 * Level 14.5 Spellcasting
 * Level 3.1 Necromancy
 - Level 4.3 Invocations
 - Level 4.1 Evocations


You had 36 spell levels left.
You knew the following spells:

 Your Spells              Type           Power      Damage    Failure   Level
a - Dispel Undead         Necr           13%        3d9       24%         4

Your spell library contained the following spells:

 Spells                   Type           Power      Damage    Failure   Level
 Apportation              Tloc           14%        N/A       9%          1
 Cigotuvi's Dreadful Rot  Necr/Pois/Air  18%        N/A       9%          2
 Alistair's Intoxication  Tmut/Pois      4%         N/A       94%         5
 Death Channel            Necr           6%         N/A       98%         6


Dungeon Overview and Level Annotations

Branches:
Dungeon (1/1)

Altars:
Cheibriados
Dithmenos
Elyvilon
Fedhas
Gozag
Hepliaklqana
Kikubaaqudgha
Makhleb
Nemelex Xobeh
Okawaru
Qazlal
Ru
Sif Muna
Trog
Uskayaw
Vehumet
Wu Jian
Xom
Yredelemnul
Zin
The Shining One
Jiyva
Lugonu

Shops:
D !?(:[[*!:[[=*:[[*?


Innate Abilities, Weirdness & Mutations

You are very small and have problems with some larger weapons.
You are too small for most types of armour.
You have supernaturally acute eyesight. (SInv)
You cover ground extremely quickly. (Speed+++)
You are dopey. (Int -2)
You occasionally lose the ability to read scrolls when taking damage.


Message History

You kill the unseen horror!
Dithmenos accepts your kill.
Your Armour skill increases to level 2!
Your Dodging skill increases to level 16!
The helpless unseen horror fails to defend itself.
You stick the unseen horror like a pincushion!!!!!!
You kill the unseen horror!
Dithmenos accepts your kill.
Your Spellcasting skill increases to level 14!
Your Necromancy skill increases to level 1!
The helpless unseen horror fails to defend itself.
You spit the unseen horror like a pig!!!!!
You kill the unseen horror!
Dithmenos accepts your kill.
You start resting.
Magic restored.
Unknown command.
You open the door.
There is an open door here.
A fire giant comes into view.
It is wielding a +1 great sword of flaming.
Aiming: Shadow Step
Press: ? - help, Dir - move target, f - fire giant
Aim: a fire giant, wielding a +1 great sword of flaming (asleep, umbra)
You step into the fire giant's shadow. 3 fire giants come into view.
A fire giant is wielding a +0 great sword of flaming.
A fire giant is wielding a +2 great sword of flaming.
A fire giant is wielding a +1 great sword of flaming.
Found 144 gold pieces, a scroll labelled IGACLO WUANK and a ruby potion.
Unknown command.
The helpless fire giant fails to defend itself.
You skewer the fire giant like a kebab!!!!!!
You kill the fire giant!
Dithmenos accepts your kill.
Your Necromancy skill gained 2 levels and is now at level 3!
You have reached level 12!
Unknown command.
The fire giant points at you and mumbles some strange words.
The fireball explodes!
The fireball engulfs you!!!
You feel threatened and lose the ability to read scrolls!
Ouch! That really hurt!
You die...

'###
#..###$#.m≈e##§#§§..
.§.#
#.##..$#..≈##§§.....
##.#
#..#+###..≈#§§.§.§.§
##.# ##...#
##.§.§.... ##.#
###.# #.....§§§.
##.# #.# #.....}§..
§§.# #.# ##......§.
##.# ####'#
#........ §#§#
###..@.# ##.......
#§§#!?$#####...####
##)[.[..
####$C...)C..###
####### #
$$....##### # $....
.C.. # $$$ # ## # ≈


You could see a fire giant.

Vanquished Creatures
  A golden dragon (D)
  A shadow dragon (D)
  A fire giant (D)
  A hydra (D)
  2 centaur warriors (D)
  3 demonic crawlers (D)
  Sonja (D)
  A deep troll (D)
  A lindwurm (D)
  An oklob plant (D)
  A shining eye (D)
  7 unseen horrors (D)
  2 kobold demonologists (D)
  A hornet (D)
  Sigmund (D)
  A slime creature (D)
  9 hogs (D)
  A yak (D)
  2 redbacks (D)
  4 floating eyes (D)
  An ogre (D)
  6 necrophages (D)
  8 jellies (D)
  Ijyb (D)
  2 ballistomycete spores (D)
60 creatures vanquished.

Vanquished Creatures (collateral kills)
  A hog (D)
1 creature vanquished.

Grand Total: 61 creatures vanquished

Notes
Turn   | Place    | Note
-------+----------+-------------------------------------------
     0 | D        | dialectric the Spriggan Brigand began the quest for the
                  | Orb.
     0 | D        | Reached XP level 1. HP: 10/10 MP: 2/2
     2 | D        | Noticed Ijyb
     4 | D        | Killed Ijyb
     5 | D        | Reached skill level 9 in Stealth
     5 | D        | Reached XP level 2. HP: 15/15 MP: 3/3
     9 | D        | Noticed an ogre
    11 | D        | Killed an ogre
    12 | D        | Reached skill level 13 in Stealth
    12 | D        | Reached XP level 3. HP: 19/19 MP: 4/4
    12 | D        | Reached XP level 4. HP: 23/23 MP: 5/5
    23 | D        | Noticed Sigmund
    25 | D        | Killed Sigmund
    26 | D        | Reached skill level 17 in Stealth
    26 | D        | Reached XP level 5. HP: 28/28 MP: 6/6
    26 | D        | Reached XP level 6. HP: 32/32 MP: 7/7
    38 | D        | Found a shimmering blue altar of Sif Muna.
    39 | D        | Found an ornate altar of the Wu Jian Council.
    40 | D        | Found a radiant altar of Vehumet.
    58 | D        | Found Foej's Magic Scroll Emporium.
    58 | D        | Found an ancient bone altar of Kikubaaqudgha.
    58 | D        | Found a hazy altar of Hepliaklqana.
    58 | D        | Found a hide-covered altar of Uskayaw.
    58 | D        | Found a basalt altar of Yredelemnul.
    58 | D        | Found an opulent altar of Gozag.
    58 | D        | Found a snail-covered altar of Cheibriados.
    58 | D        | Found a sacrificial altar of Ru.
    58 | D        | Found a shadowy altar of Dithmenos.
    58 | D        | Noticed a yak
    61 | D        | Found a stormy altar of Qazlal.
    61 | D        | Found a blossoming altar of Fedhas.
    61 | D        | Found a bloodstained altar of Trog.
    61 | D        | Found an iron altar of Okawaru.
    61 | D        | Found a glowing silver altar of Zin.
    76 | D        | Killed a yak
    77 | D        | Reached skill level 5 in Short Blades
    77 | D        | Reached skill level 19 in Stealth
    93 | D        | Found a glowing golden altar of the Shining One.
    93 | D        | Found a white marble altar of Elyvilon.
    97 | D        | Found a sparkling altar of Nemelex Xobeh.
   103 | D        | Became a worshipper of Dithmenos the Shadowed
   119 | D        | Found a burning altar of Makhleb.
   119 | D        | Found a shimmering altar of Xom.
   119 | D        | Noticed a slime creature
   120 | D        | Found a viscous altar of Jiyva.
   120 | D        | Found a corrupted altar of Lugonu.
   122 | D        | Killed a slime creature
   123 | D        | Reached skill level 20 in Stealth
   123 | D        | Reached XP level 7. HP: 37/37 MP: 8/8
   135 | D        | Noticed a kobold demonologist
   136 | D        | Noticed a kobold demonologist
   138 | D        | Killed a kobold demonologist
   139 | D        | Reached skill level 22 in Stealth
   140 | D        | Killed a kobold demonologist
   140 | D        | Reached * piety under Dithmenos
   141 | D        | Reached skill level 23 in Stealth
   141 | D        | Reached XP level 8. HP: 42/42 MP: 9/9
   147 | D        | Reached skill level 24 in Stealth
   149 | D        | Noticed a demonic crawler
   149 | D        | Noticed a demonic crawler
   149 | D        | Noticed a demonic crawler
   149 | D        | Noticed a demonic crawler
   151 | D        | Killed a demonic crawler
   152 | D        | Reached skill level 26 in Stealth
   152 | D        | Killed a demonic crawler
   152 | D        | Reached ** piety under Dithmenos
   153 | D        | Reached skill level 27 in Stealth
   153 | D        | Reached XP level 9. HP: 45/45 MP: 10/10
   171 | D        | Noticed Sonja
   175 | D        | Killed Sonja
   176 | D        | Reached skill level 5 in Dodging
   193 | D        | Noticed a deep troll
   197 | D        | Killed a deep troll
   212 | D        | Found Naesei Irul's Armour Emporium.
   241 | D        | Bought a +2 robe for 177 gold pieces
   262 | D        | Noticed a centaur warrior
   262 | D        | Noticed a centaur warrior
   264 | D        | Killed a centaur warrior
   265 | D        | Reached skill level 1 in Invocations
   265 | D        | Reached XP level 10. HP: 45/49 MP: 6/11
   267 | D        | Killed a centaur warrior
   267 | D        | Reached *** piety under Dithmenos
   268 | D        | Reached skill level 15 in Short Blades
   283 | D        | Noticed an oklob plant
   285 | D        | Killed an oklob plant
   295 | D        | Reached **** piety under Dithmenos
   351 | D        | Reached ***** piety under Dithmenos
   352 | D        | Reached skill level 1 in Spellcasting
   406 | D        | Found Qiezxa's Book Boutique.
   407 | D        | Found Qealitry's Armour Emporium.
   408 | D        | Found Jouhil's Assorted Antiques.
   458 | D        | Found Koloogon's Book Shoppe.
   458 | D        | Found Jyerib Haitt's Antique Weapon Shop.
   458 | D        | Found Qeas's Armour Boutique.
   495 | D        | Found Axyhib's Armour Emporium.
   495 | D        | Found Aneinn's General Store.
   495 | D        | Found Goirch Ozxym's Distillery.
   495 | D        | Found Siaqas's Book Boutique.
   495 | D        | Found Touvvixa's Antique Armour Emporium.
   495 | D        | Found Dan Duitta's Armour Shop.
   495 | D        | Found Kohynel's Jewellery Shoppe.
   497 | D        | Found Vuihioj's Assorted Antiques.
   499 | D        | Bought a potion of curing for 36 gold pieces
   502 | D        | Bought a potion of invisibility for 104 gold pieces
   595 | D        | Found Vablul's Distillery.
   597 | D        | Noticed a shining eye
   597 | D        | Noticed a shining eye
   597 | D        | Noticed a shining eye
   598 | D        | Noticed a shining eye
   598 | D        | Noticed a shining eye
   598 | D        | Noticed a shining eye
   599 | D        | Noticed a shining eye
   599 | D        | Noticed a shining eye
   600 | D        | Killed a shining eye
   600 | D        | Reached ****** piety under Dithmenos
   601 | D        | Reached skill level 5 in Spellcasting
   601 | D        | Reached skill level 1 in Evocations
   604 | D        | Gained mutation: You occasionally lose the ability to read
                  | scrolls when taking damage. [a shining eye]
   607 | D        | Gained mutation: You are dopey. (Int -2) [a shining eye]
   631 | D        | Killed a demonic crawler
   632 | D        | Reached skill level 10 in Dodging
   632 | D        | Reached XP level 11. HP: 53/53 MP: 19/22
   647 | D        | Noticed a lindwurm
   651 | D        | Killed a lindwurm
   741 | D        | Reached skill level 10 in Spellcasting
   784 | D        | Noticed a 12-headed hydra
   786 | D        | Killed a 12-headed hydra
   799 | D        | Noticed a deep elf annihilator
   813 | D        | Noticed a shadow dragon
   813 | D        | Noticed a golden dragon
   817 | D        | Killed a golden dragon
   818 | D        | Reached skill level 15 in Dodging
   818 | D        | Killed a shadow dragon
   819 | D        | Identified the ring of Ado Wic {*Corrode rF+ AC+4 Str+2}
   882 | D        | Learned a level 4 spell: Dispel Undead
   886 | D        | Found Qeass's Magic Scroll Shoppe.
   905 | D        | Bought a scroll of fog for 44 gold pieces
  1052 | D        | Noticed a daeva
  1059 | D        | Reached skill level 1 in Armour
  1064 | D        | Reached skill level 1 in Necromancy
  1072 | D        | Noticed a fire giant
  1074 | D        | Noticed a fire giant
  1074 | D        | Noticed a fire giant
  1074 | D        | Noticed a fire giant
  1075 | D        | Killed a fire giant
  1076 | D        | Reached XP level 12. HP: 35/59 MP: 26/31
  1081 | D        | Killed from afar by a fire giant

Illustrated notes

Levels and vault maps discovered:
D:        dungeon_sprint_1 [red_sonja_temple_1, red_sonja_temple_small_1]

Skill      XL: |  1  2  3  4  5  6  7  8  9 10 11 |
---------------+----------------------------------+-----
Fighting       | 2 3 4 |  4.8
Stealth        | 9 13 17 20 23 27 | 27.0
Short Blades   | 3 4 5 6 9 14 17 | 17.0
Dodging        | 2 3 4 6 10 16 | 16.3
Invocations    | 1 3 4 |  4.3
Spellcasting   | 6 14 | 14.5
Evocations     | 1 4 |  4.1
Armour         | 2 |  2.1
Necromancy     | 3 |  3.1
Throwing       | |  2.5

Action                     |  1- 3 |  4- 6 |  7- 9 | 10-12 || total
---------------------------+-------+-------+-------+-------++-------
  Melee: Dagger            |     2 |     8 |    13 |   116 ||   139
         Punch             |       |       |       |     1 ||     1
  Throw: Dart              |       |     7 |       |     1 ||     8
 Invoke: Shadow Step       |       |       |     1 |     3 ||     4
  Evoke: Wand              |       |       |       |     2 ||     2
    Use: Potion            |       |       |       |     1 ||     1
   Stab: Sleeping          |     2 |     3 |     7 |    26 ||    38
         Distracted        |       |       |       |     3 ||     3
         Held in net/web   |       |       |       |     1 ||     1
 Armour: Robe              |       |       |       |     8 ||     8
  Dodge: Dodged            |       |     2 |       |    58 ||    60

Table legend: (Time is in decaauts)
 A = Elapsed time spent in this place.
 B = Non-inter-level travel time spent in this place.
 C = Inter-level travel time spent in this place.
 D = Time resting spent in this place.
 E = Time spent auto-exploring this place.
 F = Levels seen in this place.
 G = Mean time per level.
                   A        B        C        D        E       F      G
               +--------+--------+--------+--------+--------+-----+--------+
         Total |    776 |    776 |      0 |     99 |     71 |   1 |  776.0 |
       Dungeon |    776 |    776 |      0 |     99 |     71 |   1 |  776.0 |
               +--------+--------+--------+--------+--------+-----+--------+

Top non-repeatable levels by time:
       D: 776 daAuts
